 Dungeon Crawl Stone Soup version 0.17-a0-1945-gfe993df (webtiles) character file.

126 Kuldar the Ducker (level 4, -1/27 HPs)
             Began as a Deep Elf Abyssal Knight on Oct 1, 2015.
             Was a Believer of Lugonu.
             Slain by an orc priest
             ... wielding a +0 flail
              (5 damage)
             ... on level 3 of the Dungeon.
             The game lasted 00:06:23 (1858 turns).

Kuldar the Ducker (Deep Elf Abyssal Knight)         Turns: 1858, Time: 00:06:23

Health: -1/27      AC:  9    Str:  9    XL:     4   Next: 84%
Magic:  8/8        EV:  1    Int: 18    God:    Lugonu [**....]
Gold:   66         SH:  8    Dex: 14    Spells: 0 memorised, 3 levels left

rFire  . . .     SeeInvis +     a - +1 falchion
rCold  . . .     Clarity  .     d - +0 chain mail
rNeg   . . .     SustAt   .     t - +2 shield
rPois  .         Gourm    .     (no helmet)
rElec  .         Spirit   .     (no cloak)
rCorr  .         Warding  .     e - +0 pair of gloves
rMut   .         Stasis   .     (no boots)
MR     .....                    (no amulet)
Stlth  ..........               x - ring of see invisible
                                b - +2 ring of slaying

@: not resistant to hostile enchantments, extremely unstealthy
A: no striking features
a: Depart the Abyss, Bend Space, Renounce Religion


You were on level 3 of the Dungeon.
You worshipped Lugonu.
Lugonu was pleased with you.
You were hungry.

You visited 1 branch of the dungeon, and saw 4 of its levels.
You visited the Abyss 1 time.

You collected 66 gold pieces.

Inventory:

Hand weapons
 a - a +1 falchion (weapon)
Armour
 d - a +0 chain mail (worn)
 e - a +0 pair of gloves (worn)
 t - a +2 shield (worn)
Jewellery
 b - a +2 ring of slaying (left hand)
 x - a ring of see invisible (right hand)
Magical devices
 s - a wand of disintegration (6)
Scrolls
 h - 8 scrolls of identify {unknown}
 i - a scroll of enchant armour {unknown}
 j - a scroll of blinking {unknown}
 l - 2 scrolls of teleportation {unknown}
 n - a scroll of amnesia {unknown}
 p - 2 scrolls of enchant weapon {unknown}
 r - a scroll of magic mapping {unknown}
 w - a scroll of random uselessness {unknown}
Potions
 g - a potion of brilliance {unknown}
 k - a potion of cancellation {unknown}
 m - 3 potions of flight {unknown}
 o - a potion of mutation {unknown}
 q - a potion of haste {unknown}
 u - 2 potions of cure mutation {unknown}
 v - a potion of degeneration {unknown}
Comestibles
 c - a bread ration
 f - a slice of pizza


   Skills:
 * Level 2.8 Fighting
 * Level 2.6 Long Blades
 * Level 1.7 Armour
 * Level 3.4 Dodging
 * Level 0.5 Shields
 * Level 2.9 Invocations


You had 3 spell levels left.
You didn't know any spells.

Dungeon Overview and Level Annotations

Branches:
Dungeon (4/15)
 Temple: D:4-7

Altars:
Nemelex Xobeh


Message History

Found a scroll labeled RUIKHL WIUSA.
An orc priest is nearby!
An orc priest is nearby!
The orc priest invokes the aid of Beogh against you.
Pain shoots through your body!
Ouch! That really hurt!
The orc priest hits you but does no damage.
You closely miss the orc priest. The orc priest hits you with a flail!
* * * LOW HITPOINT WARNING * * *
You are too injured to fight recklessly!
You are too injured to fight recklessly!
You are too injured to fight recklessly!
Use which ability?
Okay, then.
Drink which item? (? for menu, Esc to quit)
Okay, then.
You slash the orc priest!
The orc priest is heavily wounded.
The orc priest hits you with a flail.
You die...

#####..# # #......# #.###
#......# #....### #......##
###...# #?...... ##.##... #.....#
+.[.#... #..o.# ###.##...
#####..@.# #.#'#.... ..
.........# #........
.#############....# #..#.#...
.##........# #....## ##..#.....
.##........# #.....#####.#.###)..
.##........# #...................
.##........# #......##...........
.##......÷.###......##...........
>††......)....................##.


You could see an orc priest.

Vanquished Creatures
  A hound (D:3)
  An adder (D:2)
  2 oozes
  3 worms
  5 giant geckos
  6 bats
  6 giant cockroaches
  4 goblins
  10 hobgoblins
  3 jackals (D:2)
  10 kobolds
  A quokka (D:3)
  A ball python (D:1)
  A giant newt (D:2)
  6 rats
60 creatures vanquished.

Notes
Turn   | Place    | Note
--------------------------------------------------------------
     0 | Abyss:1  | Kuldar the Deep Elf Abyssal Knight began the quest for the Orb.
     0 | Abyss:1  | Reached XP level 1. HP: 13/13 MP: 4/4
    45 | Abyss:1  | Noticed a shining eye
    56 | Abyss:1  | Noticed a chaos spawn
    57 | Abyss:1  | Noticed a shadow
    58 | D:1      | Escaped the Abyss
   146 | D:1      | Reached skill level 1 in Armour
   271 | D:1      | Reached XP level 2. HP: 13/18 MP: 5/5
   283 | D:1      | Acquired Lugonu's first power
   757 | D:1      | Reached XP level 3. HP: 22/22 MP: 6/6
   881 | D:2      | Acquired Lugonu's second power
   956 | D:2      | Reached skill level 3 in Dodging
   970 | D:2      | Found a sparkling altar of Nemelex Xobeh.
  1115 | D:2      | Reached XP level 4. HP: 19/27 MP: 7/7
  1619 | D:3      | You fall through a shaft!
  1858 | D:3      | Slain by an orc priest

Vault maps used:
D:1:      dpeg_arrival_signposts
D:2:      overflow_temple_1_default
D:3:      minmay_joined_circles
D:4:      serial_shops, nicolae_shop_scaring_up_business

Action                   |  1- 3 |  4- 6 || total
-------------------------+-------+-------++-------
Melee: Falchion          |   115 |    63 ||   178
Invok: Depart the Abyss  |     1 |       ||     1
  Eat: Chunk             |     1 |     2 ||     3
